 Dungeon Crawl Stone Soup version 0.26.1-11-gd32895ea62 (webtiles) character file.

Game seed: 17948899788612900070

913 vvl the Changer (level 7, -10/60 HPs)
             Began as a White Draconian Transmuter on June 16, 2021.
             Killed by nerve-wracking pain
             ... invoked by an orc priest
              (14 damage)
             ... on level 4 of the Dungeon.
             The game lasted 00:14:30 (5526 turns).

vvl the Changer (White Draconian Transmuter)        Turns: 5526, Time: 00:14:31

Health: -10/60     AC: 10    Str: 14    XL:     7   Next: 82%
Magic:  12/13      EV: 13    Int: 13    God:
Gold:   168        SH:  3    Dex: 12    Spells: 13/14 levels left

rFire    . . .     SeeInvis +   u - +0 broad axe
rCold    + . .     Faith    .   j - +0 buckler (curse)
rNeg     . . .     Spirit   .   (armour unavailable)
rPois    .         Reflect  .   (helmet currently unavailable)
rElec    .         Harm     .   B - +0 cloak (curse)
rCorr    .         Rampage  .   p - +2 pair of gloves
Will     .....                  (boots currently unavailable)
Stlth    +.........             y - amulet of regeneration
HPRegen  0.60/turn              A - ring of see invisible
MPRegen  0.13/turn              (no ring)

@: short of breath, appendages
A: breathe frost, unfitting armour, horns 2, talons 2, cold resistance 1,
cold-blooded, AC +6
a: Breathe Frost, End Transformation


You were on level 4 of the Dungeon.
You had grown temporary horns.
You had grown temporary talons.
You visited 1 branch of the dungeon, and saw 5 of its levels.

You collected 168 gold pieces.

Inventory:

Hand Weapons
 l - a +0 flail
 u - a +0 broad axe (weapon)
Armour
 e - a +0 pair of boots (melded)
 j - a cursed +0 buckler (worn)
 p - a +2 pair of gloves (worn)
 B - a cursed +0 cloak (worn)
Jewellery
 y - an amulet of regeneration (around neck)
 A - a ring of see invisible (left hand)
Scrolls
 a - 8 scrolls of identify {unknown}
 b - 3 scrolls of teleportation {unknown}
 c - 2 scrolls of remove curse {unknown}
 f - 2 scrolls of fog {unknown}
 g - 2 scrolls of enchant armour {unknown}
 r - a scroll of immolation {unknown}
 s - 3 scrolls of blinking {unknown}
 t - a scroll of random uselessness {unknown}
 v - 2 scrolls of fear {unknown}
 w - a scroll of amnesia {unknown}
 z - a scroll of magic mapping {unknown}
Potions
 d - 2 potions of flight {unknown}
 h - a potion of invisibility {unknown}
 i - a potion of haste {unknown}
 k - 2 potions of heal wounds {unknown}
 m - a potion of ambrosia
 n - a potion of might {unknown}
 o - a potion of curing {unknown}
 q - a potion of lignification {unknown}
 x - 2 potions of degeneration {unknown}


   Skills:
 + Level 4.3 Fighting
 + Level 4.0 Dodging
 + Level 0.4 Shields
 - Level 3.0 Unarmed Combat
 - Level 4.0 Spellcasting
 + Level 5.8 Transmutations
 + Level 0.3 Evocations


You had 13 spell levels left.
You knew the following spells:

 Your Spells              Type           Power        Failure   Level
a - Beastly Appendage     Tmut           34%          3%          1

Your spell library contained the following spells:

 Spells                   Type           Power        Failure   Level
 Wereblood                Tmut           17%          4%          2
 Spider Form              Tmut/Pois      5%           28%         3
 Animate Skeleton         Necr           4%           32%         1
 Apportation              Tloc           4%           32%         1
 Corona                   Hex            2%           32%         1
 Summon Small Mammal      Summ           8%           32%         1
 Blade Hands              Tmut           8%           63%         5
 Ice Form                 Ice/Tmut       10%          67%         4


Dungeon Overview and Level Annotations

Branches:
Dungeon (5/15)
 Temple: D:4-7

Altars:


Innate Abilities, Weirdness & Mutations

You can breathe waves of freezing cold.
You can buffet flying creatures when you breathe cold.
Your icy white scales are hard. (AC +6)
You cannot fit into any form of body armour.
Your flesh is cold resistant. (rC+)
You are cold-blooded and may be slowed by cold attacks.
You have a pair of horns on your head.
You have razor-sharp toenails.


Message History

The orc priest is severely wounded.
You hit the orc but do no damage. You hit the orc wizard.
You closely miss the orc wizard. The orc wizard misses you.
The orc priest closely misses you.
The orc wizard hits you but does no damage.
The orc wizard closely misses you. The orc closely misses you.
An orc comes into view. It is wielding a +0 war axe.
The orc wizard gestures at you while chanting.
The puff of flame hits you.
* * * LOW HITPOINT WARNING * * *
The orc priest barely misses you.
You barely miss the orc priest. You claw the orc priest.
The orc priest is almost dead.
You hit the orc wizard. You closely miss the orc wizard.
You completely miss the orc. The orc closely misses you.
The orc wizard hits you but does no damage.
You block the orc wizard's attack.
The orc priest mumbles some strange prayers to Beogh against you.
Pain shoots through your body!
You die...

#########
######.......######
†....#.#####.##...
##.#.#.......##.###
#.#..#.##......o..#
.###......#..##o#$#
..#..#.####..##†#o##.#
##.#.#.......##o@o...#
.....############o)###
#.##.# ##.# .. ..# .#
# ### .# .# .# [#


You could see an orc priest, 2 orc wizards and 3 orcs.

Vanquished Creatures
  Grinder (D:3)
  Eustachio (D:4)
  A sky beast (D:3)
  2 ogres (D:4)
  A howler monkey (D:5)
  A quasit (D:2)
  Ijyb (D:5)
  3 worker ants
  4 gnolls (D:2)
  3 adders
  2 oozes (D:2)
  2 worms
  A dart slug (D:1)
  5 leopard geckos
  3 orcs (D:4)
  7 bats
  A giant cockroach (D:3)
  8 goblins
  11 hobgoblins
  3 jackals
  5 kobolds
  2 quokkas
  A ball python (D:1)
  A frilled lizard (D:4)
  5 rats
75 creatures vanquished.

Notes
Turn   | Place    | Note
-------+----------+-------------------------------------------
     0 | D:1      | vvl the Draconian Transmuter began the quest for the Orb.
     0 | D:1      | Reached XP level 1. HP: 16/16 MP: 3/3
   396 | D:1      | Reached XP level 2. HP: 18/23 MP: 5/5
  1407 | D:1      | Reached XP level 3. HP: 8/29 MP: 6/6
  1862 | D:2      | Reached skill level 3 in Transmutations
  1873 | D:2      | Reached XP level 4. HP: 12/36 MP: 5/7
  2624 | D:2      | Reached XP level 5. HP: 28/42 MP: 7/9
  2869 | D:3      | Noticed Grinder
  2884 | D:3      | Paralysed by Grinder for 5 turns
  2905 | D:3      | Killed Grinder
  2906 | D:3      | Reached skill level 4 in Transmutations
  2906 | D:3      | Reached XP level 6. HP: 31/51 MP: 10/10
  3279 | D:3      | Noticed a sky beast
  3303 | D:3      | Killed a sky beast
  4166 | D:4      | Reached skill level 5 in Transmutations
  4166 | D:4      | Your scales start taking on an icy white colour.
  4166 | D:4      | Reached XP level 7. HP: 57/57 MP: 12/12
  4166 | D:4      | Gained mutation: Your flesh is cold resistant. (rC+) [White
                  | Draconian growth]
  4327 | D:4      | Noticed Ijyb
  4331 | D:5      | Entered Level 5 of the Dungeon
  4350 | D:5      | HP: 2/58 [poisoned by a worker ant]
  4358 | D:5      | HP: 2/58 [poisoned by a worker ant]
  4724 | D:4      | Noticed Eustachio
  4743 | D:5      | Killed Ijyb
  4850 | D:4      | Killed Eustachio
  5525 | D:4      | HP: 3/60 [orc wizard/puff of flame (5)]
  5526 | D:4      | Killed from afar by an orc priest

Illustrated notes

Levels and vault maps discovered:
D:1:      lemuel_arrival_lava_pool, layout_rooms, serial_co_window_serial,
          co_window_paths_b, co_window_of_opportunity_a, co_window_paths_b,
          co_window_corner_a, co_window_corner_a, co_window_of_opportunity_b,
          co_window_unsneaky_path_c, co_window_cross_2,
          co_window_unsneaky_path_a, co_window_broadway_b,
          co_window_unsneaky_path_d, glass_columns_b, glass_columns_c,
          glass_columns_b, glass_columns_a, glass_columns_a
D:2:      layout_loops_ring
D:3:      layout_loops_ring, uniq_grinder
D:4:      layout_loops_cross, hangedman_abyss_or_decor_slice, uniq_eustachio,
          uniq_ijyb
D:5:      layout_gridville

Skill      XL: |  1  2  3  4  5  6  7 |
---------------+----------------------+-----
Dodging        | 2 3 4 |  4.0
Fighting       | 2 3 4 |  4.3
Transmutations | 3 4 5 |  5.8
Spellcasting   | 3 4 |  4.0
Shields        | |  0.4
Unarmed Combat | |  3.0
Evocations     | |  0.3

Action                   |  1- 3 |  4- 6 |  7- 9 || total
-------------------------+-------+-------+-------++-------
Melee: Dagger            |   175 |     5 |       ||   180
       Unarmed           |    15 |       |       ||    15
       Tailslap          |    19 |    10 |    11 ||    40
       Punch             |     1 |       |       ||     1
       Kick              |     4 |     3 |     6 ||    13
       Headbutt          |     2 |     3 |     3 ||     8
       Flail             |       |    73 |       ||    73
       Broad axe         |       |    48 |    78 ||   126
 Cast: Beastly Appendage |     2 |     2 |     4 ||     8
 Abil: Breathe Frost     |       |       |     8 ||     8
  Use: Potion            |       |     2 |     1 ||     3
Armor: Skin              |    81 |   102 |    56 ||   239
Dodge: Dodged            |   145 |   111 |   120 ||   376
Block: Buckler           |    15 |    14 |    24 ||    53
